 Dungeon Crawl Stone Soup version 0.29-a0-717-g6dac4ea423 (webtiles) character file.

Game seed: 10527161219849942673

29 blackman the Sneak (level 3, 0/29 HPs)
             Began as a Human Delver on June 26, 2022.
             Slain by a killer bee (3 damage)
             ... on level 5 of the Dungeon.
             The game lasted 00:01:06 (61 turns).

blackman the Sneak (Human Delver)                     Turns: 61, Time: 00:01:07

Health: 0/29       AC:  3    Str: 14    XL:     3   Next: 32%
Magic:  3/3        EV: 12    Int: 10    God:
Gold:   0          SH:  0    Dex: 14    Spells: 2/2 levels left

rFire   . . .      SeeInvis .   a - +0 hand axe
rCold   . . .      Faith    .   (no shield)
rNeg    . . .      Spirit   .   b - +0 leather armour
rPois   .          Reflect  .   (no helmet)
rElec   .          Harm     .   (no cloak)
rCorr   .          Rampage  .   (no gloves)
Will    .....                   (no boots)
Stlth   +++.......              (no amulet)
HPRegen 0.09/turn               (no ring)
MPRegen 0.08/turn               (no ring)

@: hasted, very quick
A: no striking features
a: no special abilities


You were on level 5 of the Dungeon.
You visited 1 branch of the dungeon, and saw 1 of its levels.

Inventory:

Hand Weapons
 a - a +0 hand axe (weapon)
Armour
 b - a +0 leather armour (worn)
Wands
 g - a wand of digging (3)
Scrolls
 c - a scroll of fog
 d - a scroll of enchant armour {unknown}


   Skills:
 - Level 3.0 Fighting
 + Level 3.5 Axes
 - Level 2.0 Dodging
 - Level 5.0 Stealth


You had 2 spell levels left.
You didn't know any spells.
Your spell library was empty.

Dungeon Overview and Level Annotations

Branches:
Dungeon (5/15)             Temple (0/1) D:5

Altars:


Message History

The killer bee poisons you!
The white imp hits you but does no damage.
As you read the scroll of fear, it crumbles to dust.
You assume a fearsome visage.
The white imp looks frightened!
The killer bee looks frightened! x3; You feel sick.
You feel sick.
A killer bee comes into view.
You feel sick.
A killer bee comes into view.
Found 2 stones.
Found a staircase to the Ecumenical Temple.
The killer bee buzzes angrily.
You hit the white imp.
Your attack snaps the white imp out of its fear.
The white imp is moderately wounded.
You feel sick.
The white imp hits you but does no damage.
You closely miss the white imp.
The white imp is moderately wounded.
You closely miss the killer bee.
You feel sick. The killer bee stings you.
* * * LOW HITPOINT WARNING * * *
The white imp hits you.
* * * LOW HITPOINT WARNING * * *
The white imp freezes you.
* * * LOW HITPOINT WARNING * * *
You hit the white imp.
The white imp is moderately wounded.
You barely miss the killer bee.
You feel sick.
You are no longer poisoned.
A white imp comes into view.
The white imp barely misses you.
The white imp shouts!
You hit the white imp but do no damage.
The white imp is moderately wounded.
You barely miss the killer bee.
The killer bee stings you but does no damage.
You barely miss the white imp.
The white imp is moderately wounded.
You miss the killer bee. The killer bee stings you.
You die...

,,,* **,,,* ***,******* ,*,****
#y..****######.,,*** ,,,,,,*
#...,,,,.(.....,,,,*****
*,,**,**##..y####888#.#,*,*,*,,,,
*,,**,,,.....$..8...8.#.*,*,*,,,,
*,,,,,,..,......8.>.....^,,,,,,,,
,,***,,.y.,,....8...85#,*,*,*,,,,
,****,*#.#***#.##888#,,,,,,,*,,,,
,,,,,,*#.# #yy@5.#*,,,,,,,*****
,******#.# #.####.....,,*** ** ,*
#.# #.# *,*#.#*,******, >*
##.#####.# *,**,**,*,,,**, ,*
#........# *,**,,,,,,*,**, ,*
#..#####.# *,*****,*,,,,,, ,*
#........# *,*****,******, ,*
#....##.####*,,,,,,,* *,
******#..........#********* *,


You could see 2 killer bees and 2 white imps.

Vanquished Creatures
  A hound (D:5)
1 creature vanquished.

Notes
Turn   | Place    | Note
-------+----------+-------------------------------------------
     0 | D:5      | blackman the Human Delver began the quest for the Orb.
     0 | D:5      | Reached XP level 1. HP: 18/18 MP: 1/1
    29 | D:5      | Noticed a hound
    32 | D:5      | Noticed a killer bee
    43 | D:5      | Killed a hound
    44 | D:5      | Reached XP level 2. HP: 12/24 MP: 2/2
    44 | D:5      | Reached XP level 3. HP: 15/29 MP: 3/3
    49 | D:5      | Noticed a killer bee
    52 | D:5      | Noticed a killer bee
    55 | D:5      | Noticed a killer bee
    55 | D:5      | Noticed a killer bee
    56 | D:5      | Found a staircase to the Ecumenical Temple.
    61 | D:5      | Slain by a killer bee

Illustrated notes

Levels and vault maps discovered:
D:5:      layout_loops_cross, minmay_temple_entry_statues,
          guppyfry_early_lair_pool

Skill      XL: |  1 |
---------------+----+-----
Axes           | 3 |  3.5
Fighting       | |  3.0
Dodging        | |  2.0
Stealth        | |  5.0

Action                   || total
-------------------------++-------
Melee: Hand axe          ||    16
  Use: Scroll            ||     2
       Potion            ||     1
Armor: Leather armour    ||     6
Dodge: Dodged            ||     6

Table legend: (Time is in decaauts)
 A = Elapsed time spent in this place.
 B = Non-inter-level travel time spent in this place.
 C = Inter-level travel time spent in this place.
 D = Time resting spent in this place.
 E = Time spent auto-exploring this place.
 F = Levels seen in this place.
 G = Mean time per level.
                   A        B        C        D        E       F      G
               +--------+--------+--------+--------+--------+-----+--------+
         Total |     53 |     53 |      0 |      0 |      0 |   1 |   53.0 |
       Dungeon |     53 |     53 |      0 |      0 |      0 |   1 |   53.0 |
               +--------+--------+--------+--------+--------+-----+--------+

Top non-repeatable levels by time:
     D:5: 53 daAuts
